| TOP OF THE 1ST |
|
Cleveland Guardians batting - Pitching for California Angels : RHP Gus Morante
|
|
Pitching: RHP Gus Morante
|
|
|
Batting: LHB Hector Pedroso
|
0-0: Ball 1-0: Called Strike 1-1: Ball 2-1: Called Strike 2-2: Ground out 5-3 (Groundball, 5, EV 107.5 MPH)
|
|
Batting: SHB Pete Barutha
|
0-0: Foul Ball, location: 2F 0-1: Ball 1-1: Ball 2-1: Called Strike 2-2: Strikes out looking
|
|
Batting: LHB Danny Dunham
|
0-0: Ball 1-0: Called Strike 1-1: Ball 2-1: Foul Ball, location: 2F 2-2: Foul Ball, location: 2F 2-2: Ground out 6-3 (Groundball, 6, EV 87.5 MPH)
|
| Top of the 1st over - 0 runs, 0 hits, 0 errors, 0 left on base; Cleveland 0 - California 0 |
| BOTTOM OF THE 1ST |
|
California Angels batting - Pitching for Cleveland Guardians : RHP Joe Zeiset
|
|
Pitching: RHP Joe Zeiset
|
|
|
Batting: RHB Bjoern Waltersson
|
0-0: Called Strike 0-1: Swinging Strike 0-2: Ball 1-2: Ball 2-2: Strikes out swinging
|
|
Batting: LHB Javier Trujillo
|
0-0: Ball 1-0: Ball 2-0: Ball 3-0: Base on Balls
|
|
Batting: LHB Rusty Ney
|
Pickoff Throw to First - Error! E1 Javier Trujillo to second 0-0: SINGLE (Flyball, 4MD, EV 95.0 MPH) Javier Trujillo to third
|
|
Batting: RHB Alain Delhaye
|
0-0: Called Strike 0-1: Ball 1-1: Fly out, F8 (Flyball, 8LM, EV 82.5 MPH) Runner from 3rd tags up, SCORES, throw by CF
|
|
Batting: RHB Mike Harkins
|
0-0: Fielders Choice at 2nd, U6 (Groundball, 6M, EV 83.8 MPH)
|
| Bottom of the 1st over - 1 run, 1 hit, 1 error, 1 left on base; Cleveland 0 - California 1 |
| TOP OF THE 2ND |
|
Cleveland Guardians batting - Pitching for California Angels : RHP Gus Morante
|
|
Batting: RHB Nick Ogle
|
0-0: Called Strike 0-1: Ball 1-1: Ball 2-1: Swinging Strike 2-2: Ball 3-2: Strikes out swinging
|
|
Batting: RHB Hiroshige Yamada
|
0-0: Ball 1-0: Foul Ball, location: 2F 1-1: Ball 2-1: Ball 3-1: Base on Balls
|
|
Batting: LHB Brent Albertson
|
0-0: Foul Ball, location: 2F 0-1: Ball 1-1: Ball 2-1: Ball 3-1: Fly out, F7 (Flyball, 7LSF, EV 85.6 MPH)
|
|
Batting: SHB Dan Hill
|
0-0: Ball Pickoff Throw to First - Out! 1-3
|
| Top of the 2nd over - 0 runs, 0 hits, 0 errors, 0 left on base; Cleveland 0 - California 1 |
| BOTTOM OF THE 2ND |
|
California Angels batting - Pitching for Cleveland Guardians : RHP Joe Zeiset
|
|
Batting: LHB Justin Alexander
|
0-0: DOUBLE (Line Drive, 89D, EV 103.1 MPH)
|
|
Batting: RHB Ryuji Ito
|
0-0: Swinging Strike 0-1: Foul Ball, location: 2F 0-2: Strikes out swinging
|
|
Batting: RHB Jose Ramirez
|
0-0: Foul Ball, location: 2F 0-1: Swinging Strike 0-2: Ball 1-2: Ball 2-2: Strikes out swinging
|
|
Batting: RHB Kinya Nishimura
|
0-0: Ball 1-0: Swinging Strike 1-1: Foul Ball, location: 2F 1-2: Strikes out swinging
|
| Bottom of the 2nd over - 0 runs, 1 hit, 0 errors, 1 left on base; Cleveland 0 - California 1 |
| TOP OF THE 3RD |
|
Cleveland Guardians batting - Pitching for California Angels : RHP Gus Morante
|
|
Batting: SHB Dan Hill
|
0-0: Ball 1-0: Foul Ball, location: 2F 1-1: Ball 2-1: Ball 3-1: Base on Balls
|
|
Batting: RHB Danny Eberhart
|
0-0: Grounds into double play, 5-4-3 (Groundball, 56S, EV 81.9 MPH)
|
|
Batting: RHB Mitch Boyd
|
0-0: Ball 1-0: Swinging Strike 1-1: Foul Ball, location: 2F 1-2: Ball 2-2: Foul Ball, location: 2F 2-2: TRIPLE (Flyball, 89XD, EV 99.4 MPH)
|
|
Pitching: RHP Tim Anderson
|
|
|
Batting: LHB Hector Pedroso
|
0-0: Ball 1-0: Foul Ball, location: 2F 1-1: Ball 2-1: Ball 3-1: Swinging Strike 3-2: Strikes out swinging
|
| Top of the 3rd over - 0 runs, 1 hit, 0 errors, 1 left on base; Cleveland 0 - California 1 |
| BOTTOM OF THE 3RD |
|
California Angels batting - Pitching for Cleveland Guardians : RHP Joe Zeiset
|
|
Batting: RHB Bjoern Waltersson
|
0-0: Ball 1-0: Foul Ball, location: 2F 1-1: Ball 2-1: Called Strike 2-2: Strikes out looking
|
|
Batting: LHB Javier Trujillo
|
0-0: Called Strike 0-1: Swinging Strike 0-2: Ball 1-2: Foul Ball, location: 2F 1-2: Ball 2-2: Ground out 5-3 (Groundball, 56, EV 81.2 MPH)
|
|
Batting: LHB Rusty Ney
|
0-0: Ball 1-0: Swinging Strike 1-1: Called Strike 1-2: Ball 2-2: Foul Ball, location: 2F 2-2: Ground out 5-3 (Groundball, 5, EV 101.9 MPH)
|
| Bottom of the 3rd over - 0 runs, 0 hits, 0 errors, 0 left on base; Cleveland 0 - California 1 |
| TOP OF THE 4TH |
|
Cleveland Guardians batting - Pitching for California Angels : RHP Tim Anderson
|
|
Batting: SHB Pete Barutha
|
0-0: Called Strike 0-1: Ball 1-1: Ground out 6-3 (Groundball, 6M, EV 101.2 MPH)
|
|
Batting: LHB Danny Dunham
|
0-0: Fly out, F8 (Line Drive, 8LM, EV 85.0 MPH)
|
|
Batting: RHB Nick Ogle
|
0-0: Fly out, F9 (Flyball, 9, EV 91.9 MPH)
|
| Top of the 4th over - 0 runs, 0 hits, 0 errors, 0 left on base; Cleveland 0 - California 1 |
| BOTTOM OF THE 4TH |
|
California Angels batting - Pitching for Cleveland Guardians : RHP Joe Zeiset
|
|
Pitching: LHP Rene Eenkhoorn
|
|
|
Batting: RHB Alain Delhaye
|
0-0: Swinging Strike 0-1: Swinging Strike 0-2: Strikes out swinging
|
|
Batting: RHB Mike Harkins
|
0-0: Called Strike 0-1: Swinging Strike 0-2: Ball 1-2: SINGLE (Groundball, 34D, EV 106.9 MPH)
|
|
Batting: LHB Justin Alexander
|
0-0: Ball 1-0: Called Strike 1-1: Ball 2-1: Foul Ball, location: 2F 2-2: Ball 3-2: Base on Balls Mike Harkins to second
|
|
Batting: RHB Ryuji Ito
|
0-0: Ball 1-0: Foul Ball, location: 2F 1-1: Foul Ball, location: 2F 1-2: Foul Ball, location: 2F 1-2: Strikes out swinging
|
|
Pitching: LHP Victor Garcia
|
|
|
Batting: RHB Jose Ramirez
|
0-0: Ground out 4-3 (Groundball, 4, EV 88.1 MPH)
|
| Bottom of the 4th over - 0 runs, 1 hit, 0 errors, 2 left on base; Cleveland 0 - California 1 |
| TOP OF THE 5TH |
|
Cleveland Guardians batting - Pitching for California Angels : RHP Tim Anderson
|
|
Now at C: Terry Baginski
|
|
|
Now in LF: Brandon Davis
|
|
|
Now in CF: Juan Martinez
|
|
|
Batting: RHB Hiroshige Yamada
|
0-0: Called Strike 0-1: Ball 1-1: Foul Ball, location: 2F 1-2: Strikes out swinging
|
|
Batting: LHB Brent Albertson
|
0-0: Ball 1-0: Foul Ball, location: 2F 1-1: Ball 2-1: Foul Ball, location: 2F 2-2: Ball 3-2: Fly out, F9 (Flyball, 9, EV 91.9 MPH)
|
|
Batting: SHB Dan Hill
|
0-0: Called Strike 0-1: Ball 1-1: Called Strike 1-2: Ball 2-2: Strikes out swinging
|
| Top of the 5th over - 0 runs, 0 hits, 0 errors, 0 left on base; Cleveland 0 - California 1 |
| BOTTOM OF THE 5TH |
|
California Angels batting - Pitching for Cleveland Guardians : LHP Victor Garcia
|
|
Now at 1B: Dan Hill
|
|
|
Now at 3B: Jason Sher
|
|
|
Batting: RHB Kinya Nishimura
|
0-0: Ball 1-0: Called Strike 1-1: Swinging Strike 1-2: Ball 2-2: DOUBLE (Line Drive, 78D, EV 101.9 MPH)
|
|
Batting: RHB Brandon Davis
|
0-0: Swinging Strike 0-1: Ball 1-1: Ball 2-1: Fly out, F7 (Line Drive, 78S, EV 98.8 MPH)
|
|
Pinch Hitting: RHB Nick Dunn
|
0-0: 2-RUN HOME RUN (Flyball, 8LXD, EV 115.6 MPH), Distance : 463 ft
|
|
Pinch Hitting: LHB Micah Miller
|
0-0: Ball 1-0: Called Strike 1-1: Ball 2-1: DOUBLE (Flyball, 8LXD, EV 94.4 MPH)
|
|
Batting: RHB Juan Martinez
|
0-0: Swinging Strike 0-1: SINGLE (Groundball, 6MD, EV 95.6 MPH) Micah Miller to third
|
|
Batting: RHB Ryan Munro
|
0-0: Ball 1-0: Ball 2-0: Swinging Strike 2-1: Foul Ball, location: 2F 2-2: Foul Ball, location: 2F 2-2: Strikes out swinging
|
|
Pinch Hitting: RHB Preston Deakyne
|
0-0: Called Strike 0-1: Foul Ball, location: 2F 0-2: Ball 1-2: Strikes out swinging
|
| Bottom of the 5th over - 2 runs, 4 hits, 0 errors, 2 left on base; Cleveland 0 - California 3 |
| TOP OF THE 6TH |
|
Cleveland Guardians batting - Pitching for California Angels : RHP Tim Anderson
|
|
Pitching: RHP Eric Cunningham
|
|
|
Now at 1B: Preston Deakyne
|
|
|
Now at 2B: Nick Dunn
|
|
|
Now at SS: Jose Ramirez
|
|
|
Now in RF: Micah Miller
|
|
|
Batting: RHB Danny Eberhart
|
0-0: Swinging Strike 0-1: Ground out 5-3 (Groundball, 56, EV 93.1 MPH)
|
|
Batting: RHB Mitch Boyd
|
0-0: Swinging Strike 0-1: Foul Ball, location: 2F 0-2: Ball 1-2: Strikes out swinging
|
|
Pinch Hitting: LHB Corey Trevor
|
0-0: Called Strike 0-1: Fly out, F7 (Line Drive, 7S, EV 86.2 MPH)
|
| Top of the 6th over - 0 runs, 0 hits, 0 errors, 0 left on base; Cleveland 0 - California 3 |
| BOTTOM OF THE 6TH |
|
California Angels batting - Pitching for Cleveland Guardians : LHP Victor Garcia
|
|
Now in LF: Corey Trevor
|
|
|
Batting: RHB Terry Baginski
|
0-0: Ball 1-0: Swinging Strike 1-1: Ball 2-1: Ball 3-1: Base on Balls
|
|
Pinch Hitting: RHB Luis Romero
|
0-0: Called Strike 0-1: Ball 1-1: Swinging Strike 1-2: Grounds into double play, 6-4-3 (Groundball, 56, EV 85.6 MPH)
|
|
Pinch Hitting: RHB Jeff Long
|
0-0: Swinging Strike 0-1: Swinging Strike 0-2: Strikes out swinging
|
| Bottom of the 6th over - 0 runs, 0 hits, 0 errors, 0 left on base; Cleveland 0 - California 3 |
| TOP OF THE 7TH |
|
Cleveland Guardians batting - Pitching for California Angels : RHP Eric Cunningham
|
|
Now at 1B: Luis Romero
|
|
|
Now at 2B: Ryan Pelletier
|
|
|
Now at 3B: Preston Deakyne
|
|
|
Now at SS: Nick Dunn
|
|
|
Pinch Hitting: RHB Solange Le Coq
|
0-0: Swinging Strike 0-1: Ground out 6-3 (Groundball, 6, EV 85.6 MPH)
|
|
Batting: LHB Arvin Dungca
|
0-0: Ground out U3 (Groundball, 34, EV 106.2 MPH)
|
|
Pinch Hitting: RHB Rick O'Reilly
|
0-0: Called Strike 0-1: Foul Ball, location: 2F 0-2: Fly out, F7 (Flyball, 78M, EV 90.0 MPH)
|
| Top of the 7th over - 0 runs, 0 hits, 0 errors, 0 left on base; Cleveland 0 - California 3 |
| BOTTOM OF THE 7TH |
|
California Angels batting - Pitching for Cleveland Guardians : LHP Victor Garcia
|
|
Pitching: RHP Matt Zambon
|
|
|
Now at C: Justin Ganey
|
|
|
Now at 1B: John Harring
|
|
|
Now in CF: Solange Le Coq
|
|
|
Now in RF: Rick O'Reilly
|
|
|
Batting: RHB Brandon Davis
|
0-0: Ball 1-0: Hit by Pitch
|
|
Pitching: RHP Ben Sedlacek
|
|
|
Batting: RHB Nick Dunn
|
0-0: Foul Ball, location: 2F 0-1: Foul Ball, location: 2F 0-2: Foul Ball, location: 2F 0-2: Ball 1-2: Strikes out looking
|
|
Batting: LHB Micah Miller
|
0-0: Swinging Strike 0-1: Called Strike 0-2: Strikes out swinging
|
|
Batting: RHB Juan Martinez
|
0-0: Called Strike 0-1: Fielders Choice at 2nd, 6-4 (Groundball, 6, EV 83.1 MPH)
|
| Bottom of the 7th over - 0 runs, 0 hits, 0 errors, 1 left on base; Cleveland 0 - California 3 |
| TOP OF THE 8TH |
|
Cleveland Guardians batting - Pitching for California Angels : RHP Eric Cunningham
|
|
Pitching: LHP Joel Campbell
|
|
|
Batting: LHB John Harring
|
0-0: Ball 1-0: Ball 2-0: Called Strike 2-1: Ground out 4-3 (Groundball, 4MS, EV 86.2 MPH)
|
|
Pitching: RHP Oscar Andrade
|
|
|
Pinch Hitting: LHB Nick Welling
|
0-0: Called Strike 0-1: Fly out, F7 (Flyball, 78M, EV 89.4 MPH)
|
|
Batting: RHB Justin Ganey
|
0-0: Ground out 6-3 (Groundball, 6, EV 100.6 MPH)
|
| Top of the 8th over - 0 runs, 0 hits, 0 errors, 0 left on base; Cleveland 0 - California 3 |
| BOTTOM OF THE 8TH |
|
California Angels batting - Pitching for Cleveland Guardians : RHP Ben Sedlacek
|
|
Pitching: LHP Mitch Lewis
|
|
|
Now at 3B: Rick O'Reilly
|
|
|
Now in RF: Nick Welling
|
|
|
Batting: RHB Ryan Munro
|
0-0: Ball 1-0: Ball 2-0: Foul Ball, location: 2F 2-1: Called Strike 2-2: Strikes out looking
|
|
Batting: RHB Preston Deakyne
|
0-0: Called Strike 0-1: Swinging Strike 0-2: Strikes out looking
|
|
Batting: RHB Terry Baginski
|
0-0: Fly out, F9 (Line Drive, 89D, EV 100.6 MPH)
|
| Bottom of the 8th over - 0 runs, 0 hits, 0 errors, 0 left on base; Cleveland 0 - California 3 |
| TOP OF THE 9TH |
|
Cleveland Guardians batting - Pitching for California Angels : RHP Oscar Andrade
|
|
Pinch Hitting: RHB Aaron Matthews
|
0-0: Ball 1-0: Ball 2-0: Ball 3-0: Called Strike 3-1: Swinging Strike 3-2: Strikes out swinging
|
|
Pinch Hitting: RHB Jasper Burd
|
0-0: Called Strike 0-1: Ball 1-1: Foul Ball, location: 2F 1-2: Strikes out swinging
|
|
Batting: LHB Corey Trevor
|
0-0: Called Strike 0-1: Ball 1-1: Ground out 6-3 (Groundball, 6, EV 93.1 MPH)
|
| Top of the 9th over - 0 runs, 0 hits, 0 errors, 0 left on base; Cleveland 0 - California 3 |
|